 Dungeon Crawl Stone Soup version 0.28.0-53-g5a82cb258f (webtiles) character file.

Game seed: 2416564105856845582

27 Gabide the Sneak (level 3, -2/30 HPs)
             Began as a Barachi Delver on June 15, 2022.
             Slain by an orc priest
             ... wielding a +0 mace
              (6 damage)
             ... on level 3 of the Dungeon.
             The game lasted 00:01:51 (1128 turns).

Gabide the Sneak (Barachi Delver)                   Turns: 1128, Time: 00:01:52

Health: -2/30      AC:  9    Str: 13    XL:     3   Next: 10%
Magic:  3/3        EV: 10    Int: 10    God:
Gold:   11         SH:  0    Dex: 15    Spells: 2/2 levels left

rFire   . . .      SeeInvis .   a - +0 falchion
rCold   . . .      Faith    .   (no shield)
rNeg    . . .      Spirit   .   i - +0 scale mail
rPois   .          Reflect  .   (no helmet)
rElec   .          Harm     .   (no cloak)
rCorr   .          Rampage  .   h - +2 pair of gloves
Will    .....                   (no boots)
Stlth   ..........              (no amulet)
HPRegen 0.10/turn               (no ring)
MPRegen 0.08/turn               (no ring)

@: confused, brilliant, attractive, hasted, quick
A: amphibious, slowness 1, strong legs 1, +LOS
a: Hop


You were on level 3 of the Dungeon.
You visited 1 branch of the dungeon, and saw 3 of its levels.

You collected 11 gold pieces.

Inventory:

Hand Weapons
 a - a +0 falchion (weapon)
Armour
 b - a +0 leather armour
 h - a +2 pair of gloves (worn)
 i - a +0 scale mail (worn)
Wands
 g - a wand of digging (3)
Scrolls
 c - a scroll of fog
 d - a scroll of magic mapping
 e - a scroll of fear


   Skills:
 + Level 4.1 Fighting
 + Level 3.1 Long Blades
 + Level 2.8 Dodging
 - Level 4.5 Stealth


You had 2 spell levels left.
You didn't know any spells.
Your spell library was empty.

Dungeon Overview and Level Annotations

Branches:
Dungeon (5/15)
 Temple: D:4-7

Altars:

Shops:
D:4 *

Annotations:
D:3 3 runed translucent doors, Quickbrownfox's ghost, amateur DsIE
D:5 exclusion: scorpion


Innate Abilities, Weirdness & Mutations

You are amphibious.
You cover ground slowly.
You can hop short distances.
You have an extended range of vision and can be seen from far away.


Message History

You are too injured to fight recklessly!
You are too injured to fight recklessly!
You are too injured to fight recklessly!
You are too injured to fight recklessly!
You are too injured to fight recklessly!
It was a potion of brilliance.
You feel clever all of a sudden.
The orc wizard hits you but does no damage.
The frilled lizard bites you.
* * * LOW HITPOINT WARNING * * *
The orc priest barely misses you. The orc hits you with a +0 club.
* * * LOW HITPOINT WARNING * * *
You feel yourself speed up. The orc wizard closely misses you.
The frilled lizard misses you. The orc hits you but does no damage.
The orc priest looks satisfied for a moment.
It was a potion of attraction.
You feel attractive to monsters. The orc wizard casts a spell at you.
You are confused.
The frilled lizard misses you.
You hit the orc wizard.
The orc wizard is heavily wounded.
The orc hits you with a +0 club.
* * * LOW HITPOINT WARNING * * *
The orc priest hits you but does no damage.
The orc wizard hits you but does no damage.
The frilled lizard bites you but does no damage.
The orc hits you with a +0 club.
* * * LOW HITPOINT WARNING * * *
The orc wizard is attracted toward you.
Unknown command.
The frilled lizard bites you.
* * * LOW HITPOINT WARNING * * *
The orc hits you with a +0 club.
* * * LOW HITPOINT WARNING * * *
The frilled lizard bites you but does no damage.
The orc priest is attracted toward you.
You barely miss the orc priest. The orc misses you.
The orc priest hits you with a +0 mace.
You die...

.##..(....##.##.#
###....?..##.##.# .
.##((..)..#...#.### .#
.##...(.(.##......####..#
..##########.............
#...........)............
######..#####§o.........
#.........ol..####
#####..#####..o@..#
#......# ######.#
#.##.### =# #.##.# #
##.##.# ...##.# #####.#
#####.# o.....#


You could see an orc priest, an orc wizard, an orc and a frilled lizard.

Vanquished Creatures
  An adder (D:3)
  A worm (D:3)
  2 orcs (D:3)
  An endoplasm (D:3)
  A hobgoblin (D:3)
  4 jackals (D:3)
  A quokka (D:3)
  A frilled lizard (D:3)
12 creatures vanquished.

Notes
Turn   | Place    | Note
-------+----------+-------------------------------------------
     0 | D:5      | Gabide the Barachi Delver began the quest for the Orb.
     0 | D:5      | Reached XP level 1. HP: 18/18 MP: 1/1
    82 | D:5      | Noticed a scorpion
    98 | D:4      | Found Guegusk's Elemental Accessories.
   253 | D:4      | Noticed an iguana
   499 | D:3      | Reached XP level 2. HP: 13/25 MP: 2/2
   693 | D:3      | Found a runed translucent gate.
   693 | D:3      | Found a runed translucent gate.
   693 | D:3      | Found a runed translucent gate.
   694 | D:3      | Noticed Quickbrownfox's ghost (amateur DsIE)
   990 | D:3      | Reached XP level 3. HP: 28/30 MP: 3/3
  1128 | D:3      | Slain by an orc priest

Illustrated notes

Levels and vault maps discovered:
D:3:      layout_loops_ring, ebering_ghost_rock_garden
D:4:      layout_layer_cave, minmay_temple_entry_waves, serial_shops, shop,
          nicolae_elemental_shop, serial_bayou_pond_d, minmay_misc_feat_encased
D:5:      layout_loops_cross, uniq_crazy_yiuf_cottage

Skill      XL: |  1  2 |
---------------+-------+-----
Fighting       | 4 |  4.1
Long Blades    | 3 |  3.1
Dodging        | |  2.8
Stealth        | |  4.5

Action                   || total
-------------------------++-------
Melee: Falchion          ||    50
       Punch             ||     1
  Use: Potion            ||     3
Armor: Leather armour    ||     2
       Scale mail        ||    20
Dodge: Dodged            ||    27
